 Dungeon Crawl Stone Soup version 0.29-a0-40-g8eb35efe60 (webtiles) character file.

Game seed: 540690936193987778

8408 Ajdolov the Geomancer (level 11, -7/61 HPs)
             Began as an Octopode Earth Elementalist on Feb 1, 2022.
             Was a Priest of Vehumet.
             Mangled by a sixfirhy (10 damage)
             ... summoned by a kobold demonologist
             ... on level 10 of the Dungeon.
             The game lasted 00:50:49 (12833 turns).

Ajdolov the Geomancer (OpEE)                       Turns: 12833, Time: 00:50:50

Health: -7/61      AC:  5    Str: 13      XL:     11   Next: 30%
Magic:  14/21      EV: 13    Int: 22      God:    Vehumet [***...]
Gold:   590        SH:  0    Dex: 11 (13) Spells: 9/23 levels left

rFire   . . .      SeeInvis +   v - staff of conjuration
rCold   . . .      Faith    .   (no shield)
rNeg    . . .      Spirit   .   (helmet restricted)
rPois   .          Reflect  .   (no amulet)
rElec   .          Harm     .   a - +6 ring of strength
rCorr   .          Rampage  .   D - ring of see invisible
Will    .....                   K - +4 ring of protection
Stlth   +++.......              (no ring)
HPRegen 0.20/turn               (no ring)
MPRegen 0.17/turn               (no ring)
                                (no ring)
                                (no ring)

@: no status effects
A: almost no armour, amphibious, 8 rings, camouflage 1, gelatinous body 1,
(nimble swimmer 1), tentacles
a: Renounce Religion


You were on level 10 of the Dungeon.
You worshipped Vehumet.
Vehumet was most pleased with you.
You visited 2 branches of the dungeon, and saw 12 of its levels.
You also visited: Sewer.

You collected 590 gold pieces.

Inventory:

Hand Weapons
 e - a +2 dagger of draining
Missiles
 b - 240 stones
 y - 6 throwing nets
Armour
 G - a +0 buckler
Magical Staves
 i - a staff of earth
 v - a staff of conjuration (weapon)
Jewellery
 a - a +6 ring of strength (left tentacle)
 k - an amulet of faith
 z - a ring of ice
 D - a ring of see invisible (right tentacle)
 K - a +4 ring of protection (on tentacle)
Wands
 t - a wand of iceblast (4)
 J - a wand of flame (12)
 L - a wand of charming (1)
 N - a wand of polymorph (3)
Scrolls
 c - 5 scrolls of teleportation
 f - a scroll of summoning
 l - 2 scrolls of noise
 m - a scroll of magic mapping {unknown}
 o - 6 scrolls of immolation
 p - a scroll of fear {unknown}
 u - a scroll of acquirement {unknown}
 B - a scroll of fog {unknown}
 C - a scroll of amnesia
 E - a scroll of blinking {unknown}
 F - a scroll of vulnerability {unknown}
 M - a scroll of enchant armour {unknown}
 O - a scroll of holy word {unknown}
 P - a scroll of torment {unknown}
Potions
 d - 2 potions of magic {unknown}
 g - a potion of resistance
 h - 2 potions of attraction {unknown}
 j - 3 potions of curing
 n - 2 potions of haste
 q - 2 potions of ambrosia
 r - 2 potions of lignification {unknown}
 s - a potion of might
 w - 3 potions of heal wounds
 x - a potion of brilliance {unknown}
 A - a potion of cancellation
 H - a potion of mutation {unknown}
 I - 2 potions of flight {unknown}


   Skills:
 - Level 2.0 Dodging
 - Level 2.6 Stealth
 + Level 6.8 Spellcasting
 * Level 7.9 Conjurations
 - Level 4.2 Hexes
 - Level 7.0 Transmutations
 * Level 7.8 Ice Magic
 - Level 8.0 Earth Magic


You had 9 spell levels left.
You knew the following spells:

 Your Spells              Type           Power      Damage    Failure   Level
b - Stone Arrow           Conj/Erth      100%       3d13      1%          3
c - Tukima's Dance        Hex            26%        N/A       4%          3
d - Ice Form              Ice/Tmut       40%        N/A       4%          4
e - Hailstorm             Conj/Ice       58%        3d13      1%          4

Your spell library contained the following spells:

 Spells                   Type           Power      Damage    Failure   Level
 Airstrike                Air            3%         N/A       21%         4
 Sandblast                Erth           84%        2d18      1%          1
 Passwall                 Tmut/Erth      33%        N/A       1%          2
 Poisonous Vapours        Pois/Air       14%        N/A       3%          2
 Petrify                  Tmut/Erth      40%        N/A       3%          4
 Sticky Flame             Conj/Fire      37%        2d6       4%          4
 Yara's Violent Unravell  Hex/Tmut       16%        3d8       6%          5
 Corpse Rot               Necr/Air       14%        N/A       13%         2
 Anguish                  Hex/Necr       8%         N/A       34%         4
 Borgnjor's Vile Clutch   Necr/Erth      12%        N/A       41%         5
 Alistair's Intoxication  Tmut/Pois      15%        N/A       50%         5
 Eringya's Noxious Bog    Tmut/Pois      11%        N/A       58%         6
 Passage of Golubria      Tloc           7%         N/A       63%         4
 Simulacrum               Ice/Necr       12%        N/A       95%         6


Dungeon Overview and Level Annotations

Branches:
Dungeon (11/15)            Temple (1/1) D:4            Lair (0/6) D:8
    Orc (0/2) D:10          Sewer (visited)

Altars:
Ashenzari
Dithmenos
Fedhas
Hepliaklqana
Kikubaaqudgha
Nemelex Xobeh
Okawaru
Qazlal
Sif Muna
Vehumet
Xom
Yredelemnul
The Shining One

Shops:
D:4 :   D:10 :(

Annotations:
D:4 exclusion: black bear
D:8 1 runed translucent door, earlgrey's ghost, novice OgBe
D:11 exclusion: ugly thing


Innate Abilities, Weirdness & Mutations

You cannot wear most types of armour.
You are amphibious.
You can wear up to eight rings at the same time.
Your skin changes colour to match your surroundings (Stealth+).
Your rubbery body absorbs attacks. (AC +1, EV +1)
((You are camouflaged when in or above water. (Stealth+)))
You have tentacles for arms and can constrict up to eight enemies at once.


Message History

The stone arrow hits the kobold demonologist!
The kobold demonologist is moderately wounded.
The kobold demonologist hits you but does no damage.
Aiming: Stone Arrow (safe; 1% risk of failure)
Press: ? - help, Q - select action, (/) - cycle Shift-Dir - straight line, f/p - kobold demonologist
Aim: a kobold demonologist, wielding a +0 dagger and wearing a +0 robe (69% to hit)
You feel a surge of power!
The stone arrow hits the kobold demonologist!
The kobold demonologist is moderately wounded.
The kobold demonologist closely misses you.
The kobold demonologist hits you with a +0 dagger.
The kobold demonologist mumbles some strange words.
The kobold demonologist looks encouraged for a moment.
The kobold demonologist casts a cantrip, but nothing happens.
The ufetubus barely misses you. x2
The kobold demonologist casts a spell.
The sixfirhy hits you. The sixfirhy shocks you!
Okay, then.
Press: ? - help, v - describe, . - travel The floor.
As you read the scroll labelled CYAL REMNUCIDE, it crumbles to dust.
You hear a loud clanging noise!
It was a scroll of noise.
You hear a bellow!
As you read the scroll labelled ZOWKUBISMUO, it crumbles to dust.
It is a scroll of amnesia.
Forget Sandblast, freeing 1 spell level for a total of 9?
Your memory of Sandblast unravels.
The ufetubus barely misses you. The ufetubus completely misses you.
The kobold demonologist barely misses you.
The ufetubus misses you. x2
As you read the scroll labelled JIVODU KANAIQE, it crumbles to dust.
Wisps of shadow whirl around you...
It was a scroll of summoning.
The sixfirhy barely misses you. The sixfirhy hits you! The sixfirhy shocks you!
* * * LOW HITPOINT WARNING * * *
The kobold demonologist hits you but does no damage.
The sixfirhy hits you!
* * * LOW HITPOINT WARNING * * *
The sixfirhy shocks you!
You die...

############ #.#####.#.
#......... #####....##
#........# #........#
#########........##
#######..................
#......K###..............
#.>...K3@...........####<
#...hhh5Z##########......
#........Z## ######.
#.......#..## ##.
##########..## #.. ##..##
#.≈ ##..# #.≈ ##.# #..
### #.≈


You could see 2 kobold demonologists, a sixfirhy (summoned, ally target), an
ufetubus (summoned), 3 friendly howler monkeys, a friendly centaur zombie
(summoned) and a friendly howler monkey zombie (summoned).

Vanquished Creatures
  Harold (D:8)
  A two-headed ogre (D:10)
  Pikel (D:8)
  Maurice (D:8)
  Joseph (D:8)
  A hornet (D:9)
  A troll (D:9)
  A shadow (D:10)
  A vampire (D:10)
  6 yaks
  A basilisk (shapeshifter) (D:10)
  A sky beast (D:5)
  A black bear (D:8)
  2 ice beasts
  3 orc warriors
  2 ogres (D:4)
  2 necrophages
  5 centaurs
  4 kobold brigands
  A bullfrog (D:8)
  2 elf zombies (D:4)
  3 gnoll sergeants
  5 scorpions
  4 elf skeletons (D:4)
  5 killer bees (D:9)
  3 wights (D:9)
  3 howler monkeys
  A centaur zombie (D:8)
  2 hounds (D:5)
  2 jellies
  A gnoll shaman (D:10)
  2 orc priests
  2 human zombies (D:4)
  A centaur skeleton (D:5)
  10 iguanas
  11 orc wizards
  A human skeleton (D:4)
  A hound skeleton (D:4)
  20 gnolls
  12 adders
  2 white imps
  An adder skeleton (D:4)
  3 worms (D:2)
  2 dart slugs (D:4)
  30 orcs
  9 ball pythons
  7 endoplasms
  4 giant cockroaches
  A goblin (D:1)
  10 hobgoblins
  14 jackals
  2 quokkas (D:1)
  6 bats
  7 frilled lizards
  32 kobolds
  2 orc zombies (D:4)
  15 rats
275 creatures vanquished.

Vanquished Creatures (others)
  A dancing weapon (D:5)
  5 plants (D:5)
6 creatures vanquished.

Grand Total: 281 creatures vanquished

Notes
Turn   | Place    | Note
-------+----------+-------------------------------------------
     0 | D:1      | Ajdolov the Octopode Earth Elementalist began the quest for
                  | the Orb.
     0 | D:1      | Reached XP level 1. HP: 11/11 MP: 3/3
   120 | D:1      | Reached XP level 2. HP: 17/17 MP: 1/5
   546 | D:1      | Reached skill level 4 in Earth Magic
   787 | D:1      | Reached XP level 3. HP: 21/21 MP: 4/6
   833 | D:1      | Learned a level 3 spell: Stone Arrow
  1231 | D:2      | Found a faded altar of an unknown god.
  1240 | D:2      | Reached skill level 1 in Conjurations
  1274 | D:2      | Reached XP level 4. HP: 27/27 MP: 2/7
  1777 | D:3      | Found a glowing drain.
  1829 | Sewer    | Entered a sewer
  1925 | Sewer    | Reached XP level 5. HP: 31/31 MP: 6/8
  2098 | Sewer    | Reached skill level 5 in Earth Magic
  2233 | D:3      | Found an iron altar of Okawaru.
  2234 | D:3      | Found a sparkling altar of Nemelex Xobeh.
  2234 | D:3      | Found a stormy altar of Qazlal.
  2238 | D:3      | Found a shimmering altar of Xom.
  2238 | D:3      | Found an ancient bone altar of Kikubaaqudgha.
  2239 | D:3      | Found a shadowy altar of Dithmenos.
  2393 | D:3      | Identified the +7 hand axe "Xoomug" {pain, Fragile rElec
                  | rF++ MP+9}
  2789 | D:4      | Reached XP level 6. HP: 16/36 MP: 3/9
  3186 | D:4      | Noticed a black bear
  3305 | D:4      | Found a staircase to the Ecumenical Temple.
  3323 | D:4      | Reached XP level 7. HP: 26/41 MP: 5/11
  3380 | Temple   | Entered the Ecumenical Temple
  3460 | Temple   | Became a worshipper of Vehumet
  3611 | D:4      | Found Cuitesat's Book Boutique.
  3623 | D:4      | Reached skill level 6 in Earth Magic
  3926 | D:4      | Reached skill level 5 in Conjurations
  3963 | D:4      | Reached XP level 8. HP: 31/46 MP: 11/13
  4420 | D:4      | Reached skill level 7 in Earth Magic
  4477 | D:4      | Reached * piety under Vehumet
  4477 | D:4      | Offered knowledge of Freeze by Vehumet.
  4508 | D:4      | Learned a level 3 spell: Tukima's Dance
  4562 | D:5      | Entered Level 5 of the Dungeon
  4823 | D:5      | Reached skill level 1 in Hexes
  5517 | D:5      | Reached XP level 9. HP: 50/51 MP: 8/15
  5593 | D:5      | Reached skill level 8 in Earth Magic
  6169 | D:6      | Offered knowledge of Foxfire by Vehumet.
  6552 | D:6      | Learned a level 4 spell: Ice Form
  6741 | D:7      | Reached skill level 1 in Ice Magic
  6951 | D:7      | Reached ** piety under Vehumet
  7707 | D:8      | Noticed Joseph
  7929 | D:8      | Killed Joseph
  8100 | D:8      | Reached skill level 5 in Spellcasting
  8460 | D:8      | Found a runed translucent door.
  8494 | D:8      | Found a staircase to the Lair.
  8590 | D:8      | Noticed Harold
  8604 | D:8      | Killed Harold
  8605 | D:8      | Reached skill level 5 in Transmutations
  8605 | D:8      | Reached XP level 10. HP: 17/56 MP: 2/18
  8976 | D:8      | Noticed Maurice
  8983 | D:8      | Killed Maurice
  9028 | D:8      | Reached skill level 5 in Ice Magic
  9384 | D:8      | Noticed earlgrey's ghost (novice OgBe)
  9674 | D:9      | Offered knowledge of Ignite Poison by Vehumet.
 10276 | D:9      | Learned a level 4 spell: Hailstorm
 10479 | D:9      | Reached *** piety under Vehumet
 10644 | D:9      | Got the Guide on Burning Necromancy
 10887 | D:9      | Noticed Pikel
 10936 | D:8      | Killed Pikel
 10937 | D:8      | Reached XP level 11. HP: 51/61 MP: 9/20
 11193 | D:10     | Entered Level 10 of the Dungeon
 11193 | D:10     | Found Mohotiv's Weapon Emporium.
 11193 | D:10     | Found a staircase to the Orcish Mines.
 11200 | D:10     | Offered knowledge of Airstrike by Vehumet.
 11307 | D:10     | Noticed a two-headed ogre
 11317 | D:10     | Killed a two-headed ogre
 12239 | D:10     | Found Uppiloug's Self-Improvement Boutique.
 12499 | D:11     | Noticed a white ugly thing
 12830 | D:10     | Noticed a sixfirhy
 12833 | D:10     | HP: 3/61 [sixfirhy[a kobold demonologist] (7)]
 12833 | D:10     | Mangled by a sixfirhy

Illustrated notes

Levels and vault maps discovered:
D:1:      psy_arrival_statuary, layout_basic
D:2:      layout_rooms, ebering_ecumenical_altar_sacrificial
D:3:      layout_rooms, grunt_temple_overflow_open, gup_sewer_entry_glass,
          corexii_leaking_fountain
D:4:      wad_river_or_something, layout_loops_ring, minmay_temple_entry_tees,
          nicolae_ossuary_entry_catacombs, serial_shops, shop
D:5:      layout_loops_cross, kennysheep_boxes
D:6:      layout_basic
D:7:      layout_loops_ring
D:8:      layout_loops_ring, lair_entry_dummy, ebering_ghost_reflecting_pool,
          uniq_harold, uniq_maurice, uniq_joseph
D:9:      layout_gridville, chequers_mini_garden, uniq_pikel
D:10:     layout_rooms, orc_david_3, nicolae_shop_self_help
D:11:     layout_layer_cave, amethyst_killhole
Temple:   nicolae_temple_elliptical

Skill      XL: |  1  2  3  4  5  6  7  8  9 10 11 |
---------------+----------------------------------+-----
Earth Magic    | 4 5 6 7 8 |  8.0
Conjurations   | 1 2 3 5 6 7 |  7.9
Spellcasting   | 3 4 5 6 |  6.8
Hexes          | 2 4 |  4.2
Transmutations | 5 7 |  7.0
Ice Magic      | 4 6 7 |  7.8
Dodging        | |  2.0
Stealth        | |  2.6

Action                   |  1- 3 |  4- 6 |  7- 9 | 10-12 || total
-------------------------+-------+-------+-------+-------++-------
Melee: Dagger            |    17 |     1 |       |       ||    18
       Unarmed           |     2 |       |       |    20 ||    22
       Constrict         |     4 |     5 |    13 |     4 ||    26
       Tentacles         |     2 |     6 |    11 |     5 ||    24
       Punch             |     1 |       |     2 |       ||     3
       Staff             |       |    16 |    49 |     9 ||    74
 Cast: Sandblast         |    41 |    79 |   103 |    31 ||   254
       Stone Arrow       |       |       |    43 |    97 ||   140
       Tukima's Dance    |       |       |     2 |     2 ||     4
       Ice Form          |       |       |       |     2 ||     2
       Hailstorm         |       |       |       |     1 ||     1
Evoke: Wand              |       |       |       |     4 ||     4
  Use: Potion            |       |     1 |     2 |       ||     3
       Scroll            |       |       |     6 |     5 ||    11
 Stab: Sleeping          |     4 |     2 |     3 |       ||     9
Armor: Skin              |     3 |     1 |     5 |    24 ||    33
Dodge: Dodged            |    16 |    18 |    46 |    38 ||   118

Table legend: (Time is in decaauts)
 A = Elapsed time spent in this place.
 B = Non-inter-level travel time spent in this place.
 C = Inter-level travel time spent in this place.
 D = Time resting spent in this place.
 E = Time spent auto-exploring this place.
 F = Levels seen in this place.
 G = Mean time per level.
                   A        B        C        D        E       F      G
               +--------+--------+--------+--------+--------+-----+--------+
         Total |  12848 |  12316 |    532 |   2738 |   7044 |  13 |  988.3 |
       Dungeon |  12394 |  11877 |    517 |   2738 |   6708 |  11 | 1126.7 |
        Temple |     96 |     81 |     15 |      0 |     70 |   1 |   96.0 |
         Sewer |    357 |    357 |      0 |      0 |    266 |   1 |  357.0 |
               +--------+--------+--------+--------+--------+-----+--------+

Top non-repeatable levels by time:
     D:4: 1836 daAuts
     D:8: 1749 daAuts
     D:9: 1647 daAuts
     D:5: 1397 daAuts
     D:7: 1265 daAuts
     D:1: 1222 daAuts
    D:10: 1161 daAuts
     D:6: 763 daAuts
     D:2: 551 daAuts
     D:3: 504 daAuts
   Sewer: 357 daAuts
    D:11: 294 daAuts
  Temple: 96 daAuts
